 Dungeon Crawl Stone Soup version 0.30-a0-4-ga7cffc901d (webtiles) character file.

Game seed: 15486281228395616543

8416 Setbun the Covert (level 11, -8/58 HPs)
             Began as a Spriggan Hunter on Aug 20, 2022.
             Was a High Priest of Okawaru.
             Killed from afar by a lindwurm (35 damage)
             ... with a blast of flame
             ... on level 1 of the Lair of Beasts.
             The game lasted 00:21:32 (10355 turns).

Setbun the Covert (Spriggan Hunter)                Turns: 10355, Time: 00:21:32

Health: -8/58      AC:  6    Str:  7    XL:     11   Next: 9%
Magic:  12/12      EV: 27    Int: 11    God:    Okawaru [*****.]
Gold:   564        SH:  0    Dex: 23    Spells: 10/10 levels left

rFire   . . .      SeeInvis +    a - +0 shortbow
rCold   . . .      Faith    .    (shield currently unavailable)
rNeg    . . .      Spirit   .    H - +1 robe {Will+}
rPois   +          Reflect  .    (helmet restricted)
rElec   .          Harm     .    C - +2 cloak
rCorr   .          Rampage  .    (gloves unavailable)
Will    ++...                    (boots unavailable)
Stlth   ++++++....               w - amulet of regeneration
HPRegen 0.99/turn                u - ring of poison resistance
MPRegen 0.13/turn                (no ring)

@: very quick
A: very small, no large weapons, unfitting armour, see invisible, speed 3
a: Renounce Religion, Heroism, Finesse, Duel


You were on level 1 of the Lair of Beasts.
You worshipped Okawaru.
Okawaru was extremely pleased with you.
You visited 3 branches of the dungeon, and saw 11 of its levels.
You also visited: Ossuary.

You collected 564 gold pieces.

Inventory:

Hand Weapons
 a - a +0 shortbow (weapon)
Missiles
 A - a throwing net
Armour
 c - a +0 robe
 C - a +2 cloak (worn)
 E - a +0 robe of fire resistance
 H - a +1 robe of willpower (worn)
Jewellery
 n - an amulet of faith
 u - a ring of poison resistance (left hand)
 w - an amulet of regeneration (around neck)
Wands
 i - a wand of roots (14)
 D - a wand of polymorph (7)
 G - a wand of flame (5)
Scrolls
 b - 3 scrolls of immolation
 g - 5 scrolls of fear {unknown}
 h - 11 scrolls of identify {unknown}
 j - 2 scrolls of vulnerability {unknown}
 l - 2 scrolls of magic mapping {unknown}
 o - a scroll of amnesia {unknown}
 p - 7 scrolls of teleportation {unknown}
 v - 2 scrolls of blinking {unknown}
 y - 4 scrolls of butterflies {unknown}
 z - a scroll of acquirement {unknown}
 B - 2 scrolls of poison {unknown}
 F - 2 scrolls of enchant weapon {unknown}
Potions
 d - 3 potions of lignification {unknown}
 e - a potion of haste
 f - a potion of magic {unknown}
 k - 2 potions of might
 m - 2 potions of heal wounds {unknown}
 q - 2 potions of cancellation {unknown}
 r - a potion of mutation {unknown}
 s - 2 potions of brilliance
 t - 2 potions of curing
 x - 2 potions of flight {unknown}
 I - 2 potions of attraction {unknown}


   Skills:
 + Level 6.7 Fighting
 * Level 10.9 Ranged Weapons
 + Level 10.4 Dodging
 + Level 13.5 Stealth


You had 10 spell levels left.
You didn't know any spells.
Your spell library contained the following spells:

 Spells                   Type           Power      Damage    Failure   Level
 Beastly Appendage        Tmut           0%         N/A       34%         1
 Magic Dart               Conj           0%         1d3       34%         1
 Slow                     Hex            0%         N/A       34%         1
 Static Discharge         Conj/Air       0%         3-3/arc   47%         2
 Wereblood                Tmut           0%         N/A       47%         2
 Confusing Touch          Hex            0%         N/A       71%         3
 Mephitic Cloud           Conj/Pois/Air  0%         N/A       71%         3
 Spider Form              Tmut/Pois      0%         N/A       71%         3
 Vampiric Draining        Necr           0%         2d6       71%         3
 Dispel Undead            Necr           0%         3d6       98%         4
 Sticky Flame             Conj/Fire      0%         2d3       98%         4
 Fireball                 Conj/Fire      0%         3d3       100%        5
 Iskenderun's Battlesphe  Conj           0%         2d6       100%        5
 Yara's Violent Unravell  Hex/Tmut       0%         3d3       100%        5
 Conjure Ball Lightning   Conj/Air       0%         3x3d6     100%        6
 Enfeeble                 Hex            0%         N/A       100%        7
 Orb of Destruction       Conj           0%         9d5       100%        7
 Call Imp                 Summ           Unusable   N/A       N/A         2

Dungeon Overview and Level Annotations

Branches:
Dungeon (9/15)             Temple (1/1) D:5            Lair (1/5) D:9
Ossuary (visited)
    Orc: D:9-12

Altars:
Ashenzari
Dithmenos
Elyvilon
Gozag
Kikubaaqudgha
Makhleb
Nemelex Xobeh
Okawaru
Trog
Uskayaw
Vehumet
Wu Jian
Xom
Yredelemnul

Annotations:
D:3 1 transporter, Daunt's ghost, amateur KoBr
D:4 1 runed translucent door


Innate Abilities, Weirdness & Mutations

You are very small and have problems with some larger weapons.
You are too small for most types of armour.
You have supernaturally acute eyesight. (SInv)
You cover ground extremely quickly. (Speed+++)


Message History

You hear a roar!
You gain the combat prowess of a mighty hero.
You shoot an arrow. The arrow barely misses the lindwurm.
A lindwurm comes into view.
You shoot an arrow. The arrow hits the lindwurm.
The lindwurm is heavily wounded.
You shoot an arrow. The arrow hits the lindwurm.
The lindwurm is heavily wounded.
You shoot an arrow. The arrow hits the lindwurm.
The lindwurm is severely wounded.
The lindwurm bites you! The lindwurm barely misses you. The lindwurm claws you.
You shoot an arrow. The arrow hits the lindwurm.
The lindwurm is severely wounded.
You shoot an arrow. The arrow hits the lindwurm.
The lindwurm is almost dead.
The lindwurm breathes flames at you. The blast of flame misses you.
The lindwurm breathes flames at you. The blast of flame misses you.
You feel like a meek peon again.
You shoot an arrow. The arrow hits the lindwurm.
The lindwurm is almost dead.
You shoot an arrow. The arrow barely misses the lindwurm.
The arrow hits the lindwurm but does no damage.
You shoot an arrow. The arrow hits the lindwurm!
You kill the lindwurm!
Okawaru accepts your kill.
You shoot an arrow. The arrow hits the lindwurm.
The lindwurm is lightly wounded.
You shoot an arrow. The arrow hits the lindwurm.
The lindwurm is lightly wounded.
The lindwurm breathes flames at you. The blast of flame hits you!!
Ouch! That really hurt!
You open the door.
There is an open door here.
The lindwurm breathes flames at you. The blast of flame hits you!!
Ouch! That really hurt!
You die...

# .#.#...## ###..# #
#.......####....## ####
#.......P##......# ...#
#.......# ##.l..## ...##
##.......# #†....## ...P#
#........# #k...#.####
...########..†....# #k........#
...'....###.......# #.........#
...####...'.....@.####.k.......#
....##..###.......'..k.........#
...###### #....................#
#### ###########..........#
#.#P###.#### ##### ###


You could see a lindwurm (catching breath).

Vanquished Creatures
  Pikel (D:6)
  A lindwurm (Lair:1)
  A black mamba (Lair:1)
  2 komodo dragons
  A wyvern (D:9)
  9 yaks
  A wraith (D:9)
  3 basilisks (D:9)
  A steam dragon (D:9)
  3 water moccasins
  A swamp drake (D:9)
  An ice beast (D:6)
  2 sky beasts
  2 orc warriors
  2 black bears (D:5)
  5 centaurs
  An ogre (D:5)
  A lemure (D:6)
  3 phantoms
  2 kobold brigands
  A bullfrog (D:8)
  A gnoll sergeant (D:6)
  Blork the orc (D:4)
  A necrophage (D:8)
  9 scorpions
  8 wights
  3 elf skeletons (D:4)
  6 killer bees
  3 jellies
  2 centaur zombies (Ossuary)
  7 hounds
  3 orc priests
  Crazy Yiuf (D:7)
  2 iguanas
  2 gnoll boudas
  3 orc wizards (D:7)
  3 scorpion zombies (Ossuary)
  3 mummies (Ossuary)
  3 adders
  22 gnolls
  2 shadow imps
  2 white imps
  An ufetubus (D:6)
  2 worms
  4 dart slugs
  14 orcs
  6 bats
  7 endoplasms
  8 giant cockroaches
  3 gnoll zombies (Ossuary)
  7 goblins
  5 hobgoblins
  9 jackals
  5 quokkas
  7 ball pythons
  6 frilled lizards
  2 goblin zombies (Ossuary)
  4 hobgoblin zombies (Ossuary)
  17 kobolds
  4 kobold zombies
  2 orc skeletons (D:4)
  2 orc zombies
  5 rats
251 creatures vanquished.

Notes
Turn   | Place    | Note
-------+----------+-------------------------------------------
     0 | D:1      | Setbun the Spriggan Hunter began the quest for the Orb.
     0 | D:1      | Reached XP level 1. HP: 10/10 MP: 2/2
    40 | D:1      | Reached skill level 2 in Stealth
   188 | D:1      | Reached XP level 2. HP: 15/15 MP: 3/3
   380 | D:1      | Reached skill level 3 in Stealth
   686 | D:1      | Reached XP level 3. HP: 18/18 MP: 4/4
  1056 | D:1      | Found a faded altar of an unknown god.
  1522 | D:2      | Reached skill level 4 in Stealth
  1524 | D:2      | Reached XP level 4. HP: 15/23 MP: 5/5
  2429 | D:3      | Reached skill level 5 in Stealth
  2447 | D:3      | Reached XP level 5. HP: 15/27 MP: 6/6
  2717 | D:3      | Found a transporter.
  2720 | D:3      | Noticed Daunt's ghost (amateur KoBr)
  2723 | D:3      | Identified the +3 dire flail "Bopucs" {vorpal, rC+ Str+3
                  | Int+4 Dex+4}
  2723 | D:3      | Noticed an ogre
  2724 | D:3      | Noticed an ogre
  2915 | D:3      | Found a faded altar of an unknown god.
  2919 | D:3      | Found a white marble altar of Elyvilon.
  3187 | D:4      | Noticed Blork the orc
  3194 | D:4      | Reached skill level 6 in Stealth
  3197 | D:4      | Reached XP level 6. HP: 32/32 MP: 7/7
  3201 | D:4      | Killed Blork the orc
  3210 | D:4      | Reached skill level 5 in Ranged Weapons
  3414 | D:4      | Found a sand-covered staircase.
  3419 | Ossuary  | Entered an ossuary
  3496 | Ossuary  | Reached skill level 7 in Stealth
  3865 | Ossuary  | Reached skill level 5 in Dodging
  3865 | Ossuary  | Reached XP level 7. HP: 6/36 MP: 8/8
  4223 | Ossuary  | Reached skill level 8 in Stealth
  4452 | D:4      | Found a shimmering altar of Xom.
  4459 | D:4      | Found a shimmering altar of Xom.
  4540 | D:4      | Found a runed translucent door.
  4540 | D:4      | Noticed a human
  4544 | D:4      | Found a basalt altar of Yredelemnul.
  4605 | D:4      | Reached skill level 9 in Stealth
  4760 | D:4      | Reached XP level 8. HP: 37/42 MP: 9/9
  4877 | D:4      | Found a shadowy altar of Dithmenos.
  5050 | D:5      | Entered Level 5 of the Dungeon
  5141 | D:5      | Reached skill level 10 in Stealth
  5166 | D:5      | Found a staircase to the Ecumenical Temple.
  5193 | Temple   | Entered the Ecumenical Temple
  5201 | Temple   | Became a worshipper of Warmaster Okawaru
  5731 | D:6      | Reached * piety under Okawaru
  5859 | D:6      | Reached XP level 9. HP: 46/46 MP: 10/10
  6387 | D:6      | Noticed Pikel
  6415 | D:6      | Killed Pikel
  6415 | D:6      | Reached ** piety under Okawaru
  6416 | D:6      | Reached skill level 5 in Fighting
  6416 | D:6      | Reached skill level 11 in Stealth
  6877 | D:7      | Found a runed translucent door.
  6878 | D:7      | Noticed Crazy Yiuf
  7162 | D:7      | Killed Crazy Yiuf
  7174 | D:7      | Identified the +0 hammer of the Firefly {vorpal, rN+ Will+
                  | rCorr Str-3 SInv}
  7403 | D:8      | Reached *** piety under Okawaru
  7587 | D:8      | Reached skill level 12 in Stealth
  7587 | D:8      | Reached XP level 10. HP: 52/52 MP: 11/11
  8402 | D:9      | Reached **** piety under Okawaru
  8537 | D:9      | Reached skill level 10 in Ranged Weapons
  8745 | D:9      | Found a hide-covered altar of Uskayaw.
  8940 | D:9      | Reached skill level 13 in Stealth
  9119 | D:8      | Reached skill level 10 in Dodging
  9920 | D:9      | Reached ***** piety under Okawaru
 10031 | D:9      | Found a staircase to the Lair.
 10047 | Lair:1   | Entered Level 1 of the Lair of Beasts
 10099 | Lair:1   | Noticed a black mamba
 10111 | Lair:1   | Killed a black mamba
 10111 | Lair:1   | Received a gift from Okawaru
 10236 | Lair:1   | Reached XP level 11. HP: 58/58 MP: 12/12
 10323 | Lair:1   | Noticed a lindwurm
 10326 | Lair:1   | Noticed a lindwurm
 10329 | Lair:1   | Noticed a lindwurm
 10345 | Lair:1   | Killed a lindwurm
 10355 | Lair:1   | Killed from afar by a lindwurm

Illustrated notes

Levels and vault maps discovered:
D:1:      eino_arrival_druids_welcome, layout_loops_corners,
          basic_ecumenical_altar, due_unseen_surprise
D:2:      layout_loops_corners
D:3:      layout_rooms, nicolae_overflow_ecumenical_swirl, gammafunk_ghost_smash
D:4:      layout_rooms, grunt_dithmenos_smoke, xom_redecorated,
          dk_yredelemnul_ordeal, nicolae_ossuary_entry_catacombs, minivault_27,
          uniq_blork_the_orc
D:5:      layout_rooms, minmay_temple_entry_tees, sigmund_army
D:6:      layout_basic, uniq_pikel
D:7:      layout_rooms, uniq_crazy_yiuf_cottage
D:8:      layout_basic, chequers_serial_rivers_micro_c, minmay_misc_feat_rugged
D:9:      layout_loops_ring, mainiacjoe_overflow_chevrons, erik_lair_dragon
Temple:   eino_narrow_crystal_temple
Lair:1:   layout_roguey, nicolae_lair_lindhole

Skill      XL: |  1  2  3  4  5  6  7  8  9 10 |
---------------+-------------------------------+-----
Stealth        | 2 3 4 5 6 7 9 10 12 13 | 13.5
Dodging        | 3 4 5 7 8 10 | 10.4
Fighting       | 2 3 4 5 6 |  6.7
Ranged Weapons | 5 7 9 10 | 10.9

Action                   |  1- 3 |  4- 6 |  7- 9 | 10-12 || total
-------------------------+-------+-------+-------+-------++-------
 Fire: Shortbow          |    93 |   233 |   614 |   441 ||  1381
Invok: Heroism           |       |       |       |     1 ||     1
  Use: Potion            |       |     7 |       |       ||     7
Armor: Robe              |     3 |     9 |    14 |    31 ||    57
Dodge: Dodged            |    35 |   129 |   336 |   398 ||   898

Table legend: (Time is in decaauts)
 A = Elapsed time spent in this place.
 B = Non-inter-level travel time spent in this place.
 C = Inter-level travel time spent in this place.
 D = Time resting spent in this place.
 E = Time spent auto-exploring this place.
 F = Levels seen in this place.
 G = Mean time per level.
                   A        B        C        D        E       F      G
               +--------+--------+--------+--------+--------+-----+--------+
         Total |   7930 |   7772 |    158 |   1437 |   4009 |  12 |  660.8 |
       Dungeon |   6810 |   6652 |    158 |    905 |   3795 |   9 |  756.7 |
        Temple |     11 |     11 |      0 |      0 |      0 |   1 |   11.0 |
          Lair |    216 |    216 |      0 |     11 |    115 |   1 |  216.0 |
       Ossuary |    892 |    892 |      0 |    520 |     99 |   1 |  892.0 |
               +--------+--------+--------+--------+--------+-----+--------+

Top non-repeatable levels by time:
     D:9: 1019 daAuts
     D:8: 1008 daAuts
     D:1: 928 daAuts
 Ossuary: 892 daAuts
     D:4: 828 daAuts
     D:2: 788 daAuts
     D:6: 738 daAuts
     D:3: 593 daAuts
     D:7: 535 daAuts
     D:5: 370 daAuts
  Lair:1: 216 daAuts
  Temple: 11 daAuts
